 Dungeon Crawl Stone Soup version 0.25-a0-547-g27a0b5d1ef (webtiles) character file.

Game seed: 2375407300472041102, levelgen mode: classic

924 EnegeticOcto the Chopper (level 7, 32/67 HPs)
             Began as a Deep Dwarf Fighter on Feb 21, 2020.
             Quit the game on level 6 of the Dungeon.
             The game lasted 00:01:39 (1821 turns).

EnegeticOcto the Chopper (Deep Dwarf Fighter)       Turns: 1821, Time: 00:01:40

Health: 32/67      AC: 10    Str: 21    XL:     7   Next: 84%
Magic:  7/7        EV:  6    Int:  9    God:
Gold:   151        SH:  9    Dex: 12    Spells: 6/6 levels left

rFire    . . .     SeeInvis .   a - +0 war axe
rCold    . . .     Gourm    .   c - +0 kite shield
rNeg     . . .     Faith    .   l - +0 chain mail
rPois    .         Spirit   .   (no helmet)
rElec    .         Reflect  .   (no cloak)
rCorr    .         Harm     .   (no gloves)
MR       +....                  r - +0 pair of boots
Stlth    ..........             (no amulet)
HPRegen  0.00/turn              (no ring)
MPRegen  0.10/turn              (no ring)

@: non-regenerating, heavily drained
A: damage resistance, heal wounds, sense surroundings 1, no regeneration
a: Heal Wounds


You were on level 6 of the Dungeon.
You were hungry.

You visited 2 branches of the dungeon, and saw 7 of its levels.

You collected 151 gold pieces.

Inventory:

Hand Weapons
 a - a +0 war axe (weapon)
Missiles
 q - a throwing net (quivered)
Armour
 c - a +0 kite shield (worn)
 j - a +0 tower shield
 l - a +0 chain mail (worn)
 r - a +0 pair of boots (worn)
Scrolls
 b - 3 scrolls of teleportation {unknown}
 d - 3 scrolls of remove curse {unknown}
 f - 8 scrolls of identify {unknown}
 g - a scroll of enchant armour {unknown}
 n - a scroll of fear {unknown}
Potions
 h - a potion of cancellation {unknown}
 i - 2 potions of curing {unknown}
 k - a potion of might {@q3}
 m - 2 potions of degeneration {unknown}
 o - a potion of invisibility {unknown}
 p - a potion of lignification {unknown}
 s - a potion of ambrosia {unknown}
Comestibles
 e - 10 rations


   Skills:
 * Level 5.1(3.4) Fighting
 * Level 5.6(3.8) Axes
 + Level 4.9(3.2) Armour
 + Level 3.4(1.7) Dodging
 + Level 4.9(3.2) Shields


You had 6 spell levels left.
You didn't know any spells.
Your spell library was empty.

Dungeon Overview and Level Annotations

Branches:
Dungeon (6/15)             Temple (1/1) D:6

Altars:
Ashenzari
Cheibriados
Dithmenos
Elyvilon
Fedhas
Hepliaklqana
Kikubaaqudgha
Nemelex Xobeh
Okawaru
Qazlal
Sif Muna
Trog
Uskayaw
Vehumet
Wu Jian
Yredelemnul
Zin


Innate Abilities, Weirdness & Mutations

You are resistant to damage.
You can heal yourself by infusing magical energy.
You passively map a small area around you.
You do not regenerate.


Message History

Found a spear.
A wight comes into view. It is wielding a +3 scimitar.
You closely miss the wight. The wight barely misses you.
You hit the wight.
The wight is lightly damaged.
You closely miss the wight. You block the wight's attack.
You closely miss the wight.
The wight is lightly damaged.
You hit the wight. You closely miss the wight.
The wight hits you but does no damage. You block the wight's attack.
The wight hits you but does no damage. x2
You hit the wight.
The wight is heavily damaged.
You hit the wight. You hit the wight but do no damage.
The wight hits you but does no damage. You block the wight's attack. x2
You slash the wight!
The wight is almost destroyed.
You hit the wight. x2; The wight hits you with a +0 hand axe.
The wight hits you but does no damage. x2; The wight closely misses you.
You closely miss the wight.
The wight is almost destroyed.
Your shield and chain mail prevent you from hitting the wight.
You hit the wight but do no damage.
The wight hits you with a +3 mace of freezing.
You feel drained. The wight freezes you. You block the wight's attack.
The wight hits you but does no damage.
You closely miss the wight.
The wight is almost destroyed.
You closely miss the wight. You hit the wight.
The wight hits you with a +3 mace of freezing.
The wight freezes you. You block the wight's attack.
The wight completely misses you.
You closely miss the wight.
The wight is almost destroyed.
Your shield and chain mail prevent you from hitting the wight.
You hit the wight but do no damage.
The wight hits you with a +3 mace of freezing.
You feel drained. The wight freezes you. The wight hits you with a +0 hand axe.
You block the wight's attack.
You hit the wight.
You destroy the wight!
Your base Fighting skill increases to level 5!
You hit the wight. x2; You block the wight's attack. x2
Your chain mail prevents you from hitting the wight.
The wight is severely damaged.
You hit the wight but do no damage. You block the wight's attack.
The wight hits you with a cursed +3 scimitar.
You feel drained.
The wight hits you with a +3 mace of freezing.
The wight freezes you.
You closely miss the wight.
The wight is severely damaged.
You closely miss the wight. The wight hits you but does no damage.
The wight hits you with a +3 mace of freezing.
You feel drained. The wight freezes you.
You closely miss the wight.
The wight is severely damaged.
You hit the wight but do no damage. You block the wight's attack.
The wight closely misses you. You block the wight's attack.
You hit the wight.
You destroy the wight!
You hit the wight. You block the wight's attack.
You hit the wight.
The wight is heavily damaged.
The wight hits you with a +3 mace of freezing.
You feel drained. The wight freezes you.
You hit the wight but do no damage.
The wight is heavily damaged.
The wight hits you with a +3 mace of freezing!
You feel drained. The wight freezes you.
You barely miss the wight.
The wight is heavily damaged.
You block the wight's attack.
You hit the wight.
The wight is heavily damaged.
You block the wight's attack.
The wight hits you with a +3 mace of freezing.
You feel drained. The wight freezes you.
You hit the wight.
The wight is almost destroyed.
The wight hits you with a +3 mace of freezing!
You feel drained. The wight freezes you.
You hit the wight.
You destroy the wight!
No target in view!
No target in view!
No target in view!
No target in view!
Things that are here:
a +0 hand axe; 13 stones; a +0 robe
Things that are here:
a +3 mace of freezing; a +0 robe
Things that are here:
a cursed +3 scimitar; a +0 robe A giant cockroach comes into view.
A giant cockroach is nearby!
A giant cockroach is nearby!
A giant cockroach is nearby!
A giant cockroach is nearby!
Are you sure you want to abandon this character and quit the game? (Confirm with "yes".)

##########....#..# **
##......)..)..#.#.# ***,
#..#########.(.#).# *,,,
###.##***#######....# **,,,
....#*,,,.s...##..).#********,,,,
#####,*,,....#..#)).#,,,,,,,,,,,,
*,,*,...#....#..#,***,****,,,
*,,,*..#......#.#,,,,,* *,,,
#####,,,,*#.....@..##,***** *<,,
....#,,,,*##########*** *,,,
..#**,,,*,,* *** *,,,
.###*,,*,,,** *,* *,,,
...#*,*,,,,,* *,* ****,,,
##..#*,,,,,,*****,*********,,,,,,
....#*,,,,,,,,,,,,,,,,,,,,,,*,,,,
.###.#*****,,,,,,,**********,,,,,
......#***,,******* *,,,^*,,,


You could see a giant cockroach.

Vanquished Creatures
  A sky beast (D:5)
  A black bear (D:5)
  2 bullfrogs
  4 wights (D:6)
  A bullfrog skeleton (D:5)
  An orc priest (D:5)
  A hound (D:5)
  5 orc wizards
  An iguana (D:5)
  3 worker ants
  A hound zombie (D:6)
  2 adders
  A howler monkey skeleton (D:6)
  An ooze (D:1)
  An adder zombie (D:5)
  4 worms
  A dart slug (D:2)
  2 leopard geckos
  15 orcs
  A ball python (D:4)
  2 giant cockroaches (D:3)
  2 goblins (D:3)
  3 hobgoblins
  3 jackals (D:3)
  2 quokkas (D:4)
  2 frilled lizards (D:4)
  2 rats
65 creatures vanquished.

Notes
Turn   | Place    | Note
-------+----------+-------------------------------------------
     0 | D:1      | EnegeticOcto the Deep Dwarf Fighter began the quest for the
                  | Orb.
     0 | D:1      | Reached XP level 1. HP: 20/20 MP: 1/1
   193 | D:2      | Reached XP level 2. HP: 22/27 MP: 2/2
   304 | D:3      | Reached XP level 3. HP: 16/34 MP: 3/3
   307 | D:3      | Reached skill level 1 in Dodging
   393 | D:4      | Reached XP level 4. HP: 34/42 MP: 4/4
   400 | D:4      | Noticed a bullfrog
   417 | D:4      | Killed a bullfrog
   417 | D:4      | Reached XP level 5. HP: 37/50 MP: 5/5
   783 | D:4      | Reached XP level 6. HP: 35/57 MP: 6/6
   972 | D:5      | Entered Level 5 of the Dungeon
  1262 | D:5      | Reached XP level 7. HP: 45/66 MP: 7/7
  1383 | D:5      | Reached skill level 5 in Axes
  1548 | D:6      | Found a staircase to the Ecumenical Temple.
  1555 | Temple   | Entered the Ecumenical Temple
  1732 | D:6      | Found a radiant altar of Vehumet.
  1802 | D:6      | Reached skill level 5 in Fighting
  1821 | D:6      | Quit the game

Levels and vault maps discovered:
D:1:      psy_arrival_basics, layout_loops_corners
D:2:      layout_rooms, makhleb_heckhound_becter,
          nicolae_overflow_crystal_walls, chequers_ecumenical_altar_twisty,
          first_ration
D:3:      layout_rooms, old_standard_altar
D:4:      layout_basic, st_stairs_4
D:5:      layout_cave_pools
D:6:      layout_rooms, lemuel_crystal_altar, minmay_temple_entry_mini_moons,
          hangedman_decor_slide_cut
Temple:   lightli_temple_of_artemis

Skill      XL: |  1  2  3  4  5  6  7 |
---------------+----------------------+-----
Fighting       | 3 4 5 |  5.1
Dodging        | 1 2 3 |  3.4
Axes           | 3 4 5 |  5.6
Shields        | 4 |  4.9
Armour         | 4 |  4.9

Action                   |  1- 3 |  4- 6 |  7- 9 || total
-------------------------+-------+-------+-------++-------
Melee: War axe           |    67 |   157 |    89 ||   313
 Abil: Heal Wounds       |     2 |     4 |     2 ||     8
  Use: Scroll            |       |       |     2 ||     2
  Eat: Chunk             |       |     2 |     1 ||     3
Armor: Scale mail        |    33 |    25 |       ||    58
       Chain mail        |       |    95 |    42 ||   137
Dodge: Dodged            |    32 |    56 |    23 ||   111
Block: Kite shield       |    50 |    99 |    55 ||   204

Table legend:
 A = Non-vault XP
 B = Vault XP
 C = Vault XP percentage of total XP
 D = Non-vault monster count
 E = Vault monster count
 F = Vault count percentage of total count
                 A         B        C        D         E       F
            +---------+---------+-------+---------+---------+-------
      Total |    1316 |       4 |   0.3 |      63 |       2 |   3.1
            +---------+---------+-------+---------+---------+-------
        D:1 |      10 |       0 |   0.0 |       3 |       0 |   0.0
        D:2 |      20 |       0 |   0.0 |       5 |       0 |   0.0
        D:3 |      27 |       0 |   0.0 |      12 |       0 |   0.0
        D:4 |     323 |       4 |   1.2 |      19 |       2 |   9.5
        D:5 |     569 |       0 |   0.0 |      16 |       0 |   0.0
        D:6 |     367 |       0 |   0.0 |       8 |       0 |   0.0
            +---------+---------+-------+---------+---------+-------
